 Dungeon Crawl Stone Soup version 0.23.2-40-g277498a001 (webtiles) character file.

Game seed: 3608069242443982879

23 Descartes the Sneak (level 2, 0/13 HPs)
             Began as a Spriggan Enchanter on Oct 5, 2019.
             Succumbed to an adder's poison
             ... on level 2 of the Dungeon.
             The game lasted 00:02:30 (1364 turns).

Descartes the Sneak (Spriggan Enchanter)            Turns: 1364, Time: 00:02:31

Health: 0/13       AC:  2    Str:  4    XL:     2   Next: 72%
Magic:  7/7        EV: 18    Int: 16    God:
Gold:   45         SH:  0    Dex: 16    Spells: 4/7 levels left

rFire    . . .     SeeInvis +   e - +2 dagger (pain)
rCold    . . .     Gourm    .   (shield restricted)
rNeg     . . .     Faith    .   b - +0 robe
rPois    .         Spirit   .   (helmet restricted)
rElec    .         Reflect  .   (no cloak)
rCorr    .         Harm     .   (gloves unavailable)
MR       .....                  (boots unavailable)
Stlth    +++.......             (no amulet)
HPRegen  0.04/turn              (no ring)
MPRegen  0.10/turn              (no ring)

@: lethally poisoned (0 -> -10), very quick
A: very small, unfitting armour, see invisible, herbivore, speed 3, slow
metabolism 2
a: no special abilities


You were on level 2 of the Dungeon.
You were not hungry.

You visited 1 branch of the dungeon, and saw 2 of its levels.

You collected 45 gold pieces.

Inventory:

Hand Weapons
 a - a +1 dagger
 e - a +2 dagger of pain (weapon)
Missiles
 k - 25 stones (quivered)
 m - 20 arrows
Armour
 b - a +0 robe (worn)
Jewellery
 j - a cursed ring of teleportation {unknown}
Scrolls
 c - 5 scrolls of identify {unknown}
 h - a scroll of amnesia {unknown}
 n - 2 scrolls of remove curse {unknown}
 o - a scroll of random uselessness {unknown}
 p - 3 scrolls of teleportation {unknown}
Potions
 f - a potion of might {unknown}
 g - a potion of berserk rage {unknown}
 i - a potion of degeneration {unknown}
 l - 3 potions of curing {unknown}
 q - a potion of lignification {unknown}
Comestibles
 d - 4 rations


   Skills:
 - Level 1.1 Short Blades
 - Level 3.0 Dodging
 + Level 5.0 Stealth
 + Level 3.2 Spellcasting
 + Level 4.0 Hexes
 + Level 0.3 Ice Magic


You had 4 spell levels left.
You knew the following spells:

 Your Spells              Type           Power        Failure   Level  Hunger
a - Corona                Hex            ###....      3%          1    None
b - Ensorcelled Hibernat  Hex/Ice        #.....       11%         2    ##.....

Your spell library contained the following spells:

 Spells                   Type           Power        Failure   Level  Hunger
 Confuse                  Hex            ###.....     11%         3    ###....
 Tukima's Dance           Hex            ###.....     11%         3    ###....
 Dazzling Spray           Conj/Hex       #.....       24%         3    ###....


Dungeon Overview and Level Annotations

Branches:
Dungeon (2/15)

Altars:


Innate Abilities, Weirdness & Mutations

You are very small and have problems with some larger weapons.
You are too small for most types of armour.
You have supernaturally acute eyesight. (SInv)
You are a herbivore.
You cover ground extremely quickly.
You need to consume almost no food.


Message History

The adder is moderately wounded.
The adder closely misses you.
You hit the adder.
The adder is heavily wounded.
The adder bites you.
You are lethally poisoned!
The adder poisons you!
You hit the adder.
The adder is severely wounded.
You feel sick. The adder misses you. The adder bites you.
* * * LOW HITPOINT WARNING * * *
You barely miss the adder.
The adder is severely wounded.
The adder bites you.
* * * LOW HITPOINT WARNING * * *
You are more poisoned.
The adder poisons you!
You miss the adder.
The adder is severely wounded.
You die...

####.#####.# #.#
#..........#####.#
#.##............<#
#.#######..######.
#.# #..# #.. #.#
#..# ##. #.#
###..####### #S#
#........... #@#
#.#.#######. #.#
#.#.# #. #.# #.#.#
## #.# #.#.# #.
#.#####.#.# #.
#.........## #.
#######....# #.
###..# #. #..# #.


You could see an adder.

Vanquished Creatures
  3 leopard geckos (D:1)
  2 ball pythons
  6 goblins
  2 hobgoblins (D:1)
  A frilled lizard (D:1)
  2 kobolds (D:1)
  A rat (D:1)
17 creatures vanquished.

Notes
Turn   | Place    | Note
-------+----------+-------------------------------------------
     0 | D:1      | Descartes the Spriggan Enchanter began the quest for the
                  | Orb.
     0 | D:1      | Reached XP level 1. HP: 9/9 MP: 5/5
   477 | D:1      | Reached XP level 2. HP: 8/13 MP: 7/7
   481 | D:1      | Learned a level 2 spell: Ensorcelled Hibernation
  1296 | D:2      | Reached skill level 5 in Stealth
  1364 | D:2      | Succumbed to an adder's poison

Skill      XL: |  1  2 |
---------------+-------+-----
Spellcasting   | 3 |  3.2
Hexes          | 4 |  4.0
Stealth        | 5 |  5.0
Short Blades   | |  1.1
Dodging        | |  3.0
Ice Magic      | |  0.3

Action                   || total
-------------------------++-------
Melee: Dagger            ||    71
 Stab: Sleeping          ||     3
Armor: Robe              ||     3
Dodge: Dodged            ||    58
